 Dungeon Crawl Stone Soup version 0.30-a0-777-ga9a30cbeda (webtiles) character file.

Game seed: 15447567040468333917

3565 Hubris850 the Covert (level 10, -1/49 (50) HPs)
             Began as a Kobold Enchanter on Feb 13, 2023.
             Was a Priest of Uskayaw.
             Slain by a wight
             ... wielding a +4 great sword
              (12 damage)
             ... on level 8 of the Dungeon.
             The game lasted 00:23:34 (8309 turns).

Hubris850 the Covert (Kobold Enchanter)             Turns: 8309, Time: 00:23:35

HP:   -1/49 (50)    AC:  7    Str:  6    XL:     10   Next: 30%
MP:   12/20         EV: 16    Int: 18    God:    Uskayaw [***...]
Gold: 613           SH:  5    Dex: 28    Spells: 17/22 levels left

rFire   . . .      SeeInvis +    a - +1 dagger
rCold   . . .      Faith    .    (no shield)
rNeg    + + .      Spirit   .    w - +1 leather armour {Will+}
rPois   .          Reflect  +    j - +2 helmet
rElec   .          Harm     .    (no cloak)
rCorr   .          Rampage  .    (no gloves)
Will    +....                    (no boots)
Stlth   +++++++                  J - amulet of reflection
HPRegen 0.28/turn                u - ring "Ninokhlikeo" {rN+ Int-4 Dex+3 SInv Stlth+}
MPRegen 0.17/turn                A - ring of the Establishment {rN+ Int+6 Dex+5}

@: confusing by touch, lightly drained
A: small, no large weapons, nightstalker 3
a: Renounce Religion, Stomp, Line Pass


You were on level 8 of the Dungeon.
You worshipped Uskayaw.
Uskayaw was noncommittal.
You visited 2 branches of the dungeon, and saw 9 of its levels.
You also visited: Ossuary.

You collected 613 gold pieces.

Inventory:

Hand Weapons
 a - a +1 dagger (weapon)
 s - a +0 sling
 M - a +5 long sword
Missiles
 m - a throwing net
 y - 21 poisoned darts (quivered)
Armour
 b - a +0 robe
 j - a +2 helmet (worn)
 w - a +1 leather armour of willpower (worn)
 L - the +6 chain mail of Trumpets {rC- Int-4 Dex+8}
   (You found it on level 7 of the Dungeon)

   Int:       It affects your intelligence (-4).
   Dex:       It affects your dexterity (+8).
   rC:        It makes you vulnerable to cold.
 N - the +3 leather armour of Gluttony {rPois Str+4}
   (You found it on level 7 of the Dungeon)

   Str:       It affects your strength (+4).
   rPois:     It protects you from poison.
Magical Staves
 q - a staff of air
 x - a staff of fire
Jewellery
 u - the ring "Ninokhlikeo" (left hand) {rN+ Int-4 Dex+3 SInv Stlth+}
   (You found it on level 3 of the Dungeon)

   [ring of positive energy]

   Int:       It affects your intelligence (-4).
   Dex:       It affects your dexterity (+3).
   rN:        It protects you from negative energy.
   SInv:      It lets you see invisible.
   Stlth:     It makes you more stealthy.
 A - the ring of the Establishment (right hand) {rN+ Int+6 Dex+5}
   (You found it on level 4 of the Dungeon)

   [ring of positive energy]

   Int:       It affects your intelligence (+6).
   Dex:       It affects your dexterity (+5).
   rN:        It protects you from negative energy.
 J - an amulet of reflection (around neck)
Wands
 n - a wand of flame (64)
 B - a wand of paralysis (5)
 G - a wand of quicksilver (6)
Scrolls
 d - 2 scrolls of torment {unknown}
 e - 4 scrolls of identify
 g - a scroll of amnesia
 h - a scroll of silence
 i - 2 scrolls of immolation {unknown}
 l - 3 scrolls of enchant weapon {unknown}
 r - a scroll of vulnerability
 v - 3 scrolls of teleportation {unknown}
 D - a scroll of blinking
 H - 3 scrolls of fog
 K - a scroll of fear {unknown}
Potions
 c - a potion of invisibility
 f - 2 potions of might
 k - 2 potions of lignification
 o - a potion of berserk rage
 p - 4 potions of mutation {unknown}
 t - 2 potions of magic {unknown}
 z - 4 potions of attraction {unknown}
 C - 2 potions of heal wounds {unknown}
 E - 2 potions of brilliance {unknown}
 F - a potion of resistance
 I - a potion of flight {unknown}


   Skills:
 + Level 9.8 Short Blades
 - Level 3.2 Dodging
 - Level 10.1 Stealth
 + Level 6.8 Spellcasting
 + Level 7.2 Hexes
 + Level 3.8 Invocations


You had 17 spell levels left.
You knew the following spells:

 Your Spells              Type           Power      Damage    Failure   Level
a - Ensorcelled Hibernat  Hex/Ice        38%        N/A       6%          2
b - Confusing Touch       Hex            32%        N/A       2%          3

Your spell library contained the following spells:

 Spells                   Type           Power      Damage    Failure   Level
 Tukima's Dance           Hex            32%        N/A       2%          3
 Dazzling Flash           Conj/Hex       38%        N/A       12%         3
 Cigotuvi's Dreadful Rot  Necr/Pois/Air  12%        N/A       26%         2
 Poisonous Vapours        Pois/Air       12%        N/A       26%         2
 Ignite Poison            Fire/Tmut/Pois 6%         N/A       45%         3
 Kindle Blastsparks       Fire/Tloc/Air  12%        2d11      45%         3
 Mephitic Cloud           Conj/Pois/Air  6%         N/A       45%         3
 Olgreb's Toxic Radiance  Pois           6%         N/A       86%         4
 Freezing Cloud           Conj/Ice/Air   3%         6-21      99%         5
 Ozocubu's Refrigeration  Ice            3%         4d8       100%        7
 Ignition                 Fire           3%         3d4       100%        8


Dungeon Overview and Level Annotations

Branches:
Dungeon (8/15)             Temple (1/1) D:5         Ossuary (visited)
   Lair: D:8-11

Altars:
Cheibriados
Dithmenos
Gozag
Hepliaklqana
Kikubaaqudgha
Makhleb
Okawaru
Qazlal
Ru
Sif Muna
Trog
Uskayaw
Vehumet
Wu Jian
Xom
Yredelemnul
Zin
The Shining One

Shops:
D:5 :


Innate Abilities, Weirdness & Mutations

You are small and have problems with some larger weapons.
You are completely attuned to the shadows.


Message History

The wight hits you with a +2 hand axe. You partially resist.
You feel drained. The wight hits you with a +0 mace. You partially resist.
Uskayaw will force your foes to helplessly watch your dance.
Uskayaw prepares the audience for your solo!
The helpless wight fails to defend itself.
You spit the wight like a pig!!!!
You destroy the wight!
Your life force feels restored.
The helpless wight fails to defend itself.
You stick the wight like a pincushion!!!!
You destroy the wight!
Uskayaw will force your foes to share their pain.
Things that are here:
a +0 mace; a +0 robe
Things that are here:
a +2 hand axe; a +0 robe; a killer bee corpse You start resting.
A wight comes into view. It is wielding a +4 great sword.
The wight hits you with a +4 great sword!
You hit the wight.
The wight is moderately damaged.
You closely miss the wight.
The wight is moderately damaged.
You hit the wight but do no damage. You punch the wight, but do no damage.
The wight is moderately damaged.
You hit the wight.
The wight is heavily damaged.
The wight hits you with a +4 great sword!
* * * LOW HITPOINT WARNING * * *
You partially resist.
You feel drained.
You hit the wight but do no damage.
The wight is heavily damaged.
You hit the wight.
The wight is heavily damaged.
You block the wight's attack.
Casting: Ensorcelled Hibernation (safe; 6% risk of failure)
Confirm with . or Enter, or press ? or * to list all spells.
Your hands begin to glow red.
The wight hits you with a +4 great sword!
You die...

#...<.........
..#.......##.>
#...........
.........###..
###
#.##..........
..##.# .#.# #.#.
## #.#.##...#
.###
...####).....###
#
#.z@.).##.#.##)##
...#######.#.#
#.## # #. #.#.#
#..### #
#.#.###.#.#.
#...........
###.###.#... #.#
#..... #.# ####.#
#.# #.#


You could see a wight.

Vanquished Creatures
  Pikel (D:7)
  Eustachio (D:4)
  Menkaure (D:5)
  A black bear (D:4)
  2 centaurs
  2 ogres
  A phantom (D:5)
  4 elf zombies (Ossuary)
  A kobold brigand (D:6)
  2 necrophages
  A gnoll sergeant (D:6)
  6 scorpions
  6 wights
  9 killer bees
  A howler monkey (D:6)
  4 hounds
  4 centaur zombies (Ossuary)
  3 jellies
  An orc priest (D:4)
  3 iguanas
  An orc wizard (D:4)
  3 mummies (Ossuary)
  Robin (D:4)
  3 adders
  8 gnolls
  3 white imps
  2 adder zombies (Ossuary)
  3 dart slugs
  7 orcs
  9 ball pythons
  3 bats
  2 endoplasms
  5 giant cockroaches
  14 goblins
  10 hobgoblins
  5 jackals
  12 kobolds
  6 quokkas
  5 frilled lizards
  5 goblin zombies (Ossuary)
  2 hobgoblin zombies (Ossuary)
  5 jackal zombies (Ossuary)
  3 kobold zombies (Ossuary)
  An orc zombie (Ossuary)
  A quokka zombie (Ossuary)
  2 rats
  8 rat zombies (Ossuary)
183 creatures vanquished.

Notes
Turn   | Place    | Note
-------+----------+-------------------------------------------
     0 | D:1      | Hubris850 the Kobold Enchanter began the quest for the Orb.
     0 | D:1      | Reached XP level 1. HP: 10/10 MP: 3/3
   230 | D:1      | Reached XP level 2. HP: 7/15 MP: 5/5
   239 | D:1      | Learned a level 2 spell: Ensorcelled Hibernation
   602 | D:1      | Found a faded altar of an unknown god.
   640 | D:1      | Reached XP level 3. HP: 19/19 MP: 6/6
  1494 | D:2      | Reached skill level 5 in Stealth
  1494 | D:2      | Reached XP level 4. HP: 2/24 MP: 1/7
  2389 | D:3      | Reached XP level 5. HP: 28/28 MP: 8/8
  2390 | D:3      | Identified the ring "Ninokhlikeo" {rN+ Int-4 Dex+3 SInv
                  | Stlth+}
  2521 | D:3      | Reached skill level 6 in Stealth
  2570 | D:3      | Reached XP level 6. HP: 32/32 MP: 3/9
  2638 | D:3      | Found an ornate altar of the Wu Jian Council.
  2976 | D:4      | Noticed Eustachio
  2981 | D:4      | Killed Eustachio
  2982 | D:4      | Reached skill level 5 in Short Blades
  2982 | D:4      | Reached skill level 7 in Stealth
  3009 | D:4      | Reached XP level 7. HP: 36/36 MP: 11/11
  3295 | D:4      | Identified the ring of the Establishment {rN+ Int+6 Dex+5}
  3389 | D:4      | Noticed Robin
  3404 | D:4      | Killed Robin
  3555 | D:4      | Found a shadowy altar of Dithmenos.
  3679 | D:4      | Found a sacrificial altar of Ru.
  3772 | D:4      | Found an iron altar of Okawaru.
  3891 | D:4      | Reached XP level 8. HP: 38/41 MP: 9/13
  3957 | D:4      | Found a glowing silver altar of Zin.
  4070 | D:5      | Entered Level 5 of the Dungeon
  4120 | D:5      | Found Zoinid's Book Boutique.
  4122 | D:5      | Reached skill level 8 in Stealth
  4347 | D:5      | Found a staircase to the Ecumenical Temple.
  4359 | Temple   | Entered the Ecumenical Temple
  4471 | Temple   | Became a worshipper of Uskayaw the Reveller
  4584 | D:5      | Reached * piety under Uskayaw
  4589 | D:5      | Reached ** piety under Uskayaw
  5063 | D:6      | Noticed Menkaure
  5076 | D:5      | Killed Menkaure
  5077 | D:5      | Reached skill level 5 in Hexes
  5202 | D:6      | Found a basalt altar of Yredelemnul.
  5208 | D:6      | Reached skill level 9 in Stealth
  5215 | D:6      | Reached *** piety under Uskayaw
  5284 | D:6      | Found a burning altar of Makhleb.
  5297 | D:6      | Found a shimmering blue altar of Sif Muna.
  5375 | D:6      | Found a sand-covered staircase.
  5380 | Ossuary  | Entered an ossuary
  5448 | Ossuary  | Reached XP level 9. HP: 39/45 MP: 11/16
  5461 | Ossuary  | Reached skill level 5 in Spellcasting
  6024 | D:6      | Reached **** piety under Uskayaw
  6035 | D:6      | Reached skill level 10 in Stealth
  6301 | D:6      | Reached ***** piety under Uskayaw
  6319 | D:6      | Learned a level 3 spell: Confusing Touch
  6779 | D:6      | Reached skill level 1 in Invocations
  7547 | D:7      | Found a stormy altar of Qazlal.
  7660 | D:7      | Identified the +6 chain mail of Trumpets {rC- Int-4 Dex+8}
  7974 | D:7      | Noticed Pikel
  7978 | D:7      | Killed Pikel
  7979 | D:7      | Reached XP level 10. HP: 50/50 MP: 12/19
  8042 | D:7      | Identified the +3 leather armour of Gluttony {rPois Str+4}
  8309 | D:8      | Slain by a wight

Illustrated notes

Levels and vault maps discovered:
D:1:      onia_arrival_mini_maze, layout_basic,
          hellmonk_ecumenical_altar_zigzags, minmay_octomino_e4
D:2:      layout_loops_ring
D:3:      layout_rooms, nzn_wu_jian_contemplation, kennysheep_generic_room_8
D:4:      layout_rooms, kennysheep_little_box, zin_scriptorium,
          mainiacjoe_overflow_24_doors, mainiacjoe_overflow_alcove_4,
          kennysheep_generic_room_2, uniq_eustachio, uniq_robin
D:5:      layout_loops_ring, temple_statues, serial_shops,
          nicolae_shop_advertising_works [nicolae_subvault_shop_adworks],
          st_stairs_8, hex_medium
D:6:      layout_loops_corners, nicolae_overflow_crystal_walls,
          mainiacjoe_overflow_large_starburst, enter_ossuary_3, uniq_menkaure
D:7:      layout_basic, amcnicky_altar_gilded, chequers_jeans, uniq_pikel
D:8:      layout_loops_ring, minmay_starry_boxes, uniq_erica
Temple:   grunt_temple_mini_profane

Skill      XL: |  1  2  3  4  5  6  7  8  9 10 |
---------------+-------------------------------+-----
Short Blades   | 2 3 4 5 6 7 9 |  9.8
Dodging        | 3 |  3.2
Stealth        | 5 6 7 9 10 | 10.1
Spellcasting   | 3 4 6 |  6.8
Hexes          | 4 5 6 7 |  7.2
Invocations    | 3 |  3.8

Action                     |  1- 3 |  4- 6 |  7- 9 | 10-12 || total
---------------------------+-------+-------+-------+-------++-------
  Melee: Dagger            |    86 |    54 |   464 |    31 ||   635
         Punch             |       |     1 |    12 |     1 ||    14
  Throw: Dart              |       |       |     4 |       ||     4
   Cast: Ensorcelled Hiber |     6 |     6 |    13 |       ||    25
         Confusing Touch   |       |       |     3 |     1 ||     4
 Invoke: Line Pass         |       |       |     4 |     2 ||     6
         Stomp             |       |       |     2 |       ||     2
  Evoke: Wand              |       |       |     2 |       ||     2
    Use: Potion            |       |       |     6 |       ||     6
         Scroll            |       |       |    11 |       ||    11
   Stab: Sleeping          |     9 |    21 |    43 |     4 ||    77
         Distracted        |       |     1 |     3 |       ||     4
         Invisible         |       |       |    11 |       ||    11
         Confused          |       |       |     5 |     2 ||     7
         Paralysed         |       |       |     5 |     2 ||     7
 Armour: Robe              |     2 |     6 |       |       ||     8
         Leather armour    |       |       |   114 |     1 ||   115
  Dodge: Dodged            |    64 |    17 |   324 |     8 ||   413
  Block: Other             |       |       |     8 |     4 ||    12

Table legend: (Time is in decaauts)
 A = Elapsed time spent in this place.
 B = Non-inter-level travel time spent in this place.
 C = Inter-level travel time spent in this place.
 D = Time resting spent in this place.
 E = Time spent auto-exploring this place.
 F = Levels seen in this place.
 G = Mean time per level.
                   A        B        C        D        E       F      G
               +--------+--------+--------+--------+--------+-----+--------+
         Total |   8081 |   7855 |    226 |    811 |   5473 |  10 |  808.1 |
       Dungeon |   7514 |   7313 |    201 |    701 |   5367 |   8 |  939.2 |
        Temple |    137 |    112 |     25 |      0 |    106 |   1 |  137.0 |
       Ossuary |    429 |    429 |      0 |    110 |      0 |   1 |  429.0 |
               +--------+--------+--------+--------+--------+-----+--------+

Top non-repeatable levels by time:
     D:6: 1416 daAuts
     D:1: 1271 daAuts
     D:7: 1178 daAuts
     D:4: 1052 daAuts
     D:2: 894 daAuts
     D:5: 834 daAuts
     D:3: 785 daAuts
 Ossuary: 429 daAuts
  Temple: 137 daAuts
     D:8: 80 daAuts
